 Dungeon Crawl Stone Soup version 0.30-a0-377-g5cb311bc9f (webtiles) character file.

Game seed: 444407374313237501

781 qeuew the Magician (level 7, -12/36 HPs)
             Began as a Deep Elf Earth Elementalist on Nov 30, 2022.
             Was an Initiate of Ashenzari.
             Mangled by an ogre
             ... wielding a +0 giant spiked club
              (36 damage)
             ... on level 5 of the Dungeon.
             The game lasted 00:07:17 (5257 turns).

qeuew the Magician (Deep Elf Earth Elementalist)    Turns: 5257, Time: 00:07:18

Health: -12/36     AC:  5    Str:  4    XL:     7   Next: 55%
Magic:  23/25      EV:  9    Int: 26    God:    Ashenzari [......]
Gold:   198        SH:  0    Dex: 14    Spells: 12/16 levels left

rFire   . . .      SeeInvis +    e - +1 short sword
rCold   . . .      Faith    .    (no shield)
rNeg    . . .      Spirit   .    i - +0 ring mail of Desmomancy {Fort, Self} (curse)
rPois   .          Reflect  .    (helmet restricted)
rElec   .          Harm     .    (no cloak)
rCorr   .          Rampage  .    (no gloves)
Will    .....                    (no boots)
Stlth   ++........               (no amulet)
HPRegen 0.26/turn                n - ring of magical power
MPRegen 0.19/turn                k - ring of see invisible

@: very slightly contaminated
A: horns 1, clever 1
a: Renounce Religion, Curse Item, Shatter the Chains


You were on level 5 of the Dungeon.
You worshipped Ashenzari.
Ashenzari was noncommittal.
You visited 1 branch of the dungeon, and saw 5 of its levels.

You collected 198 gold pieces.

Inventory:

Hand Weapons
 e - a +1 short sword (weapon)
Armour
 i - the cursed +0 ring mail of Desmomancy (worn) {Fort, Self}
   (You found it on level 2 of the Dungeon)

   It has a curse which improves the following skills: Fortitude: Armour and
   Shields.
   Introspection: Fighting and Spellcasting.
Jewellery
 f - a ring of positive energy
 k - a ring of see invisible (right hand)
 n - a ring of magical power (left hand)
Wands
 j - a wand of iceblast (12)
 m - a wand of paralysis (12)
Scrolls
 a - a scroll of amnesia
 h - 4 scrolls of teleportation
Potions
 b - a potion of magic
 c - 4 potions of curing
 d - a potion of ambrosia
 g - 2 potions of might
 l - 2 potions of flight
 o - 2 potions of degeneration {unknown}


   Skills:
 + Level 2.1 Short Blades
 * Level 3.2(3.6) Armour
 + Level 4.2 Dodging
 + Level 4.4 Stealth
 + Level 4.8(5.3) Spellcasting
 + Level 2.3 Conjurations
 + Level 3.1 Transmutations
 + Level 4.5 Earth Magic


You had 12 spell levels left.
You knew the following spells:

 Your Spells              Type           Power      Damage    Failure   Level
a - Sandblast             Erth           60%        2d14      6%          1
b - Stone Arrow           Conj/Erth      48%        3d10      28%         3

Your spell library contained the following spells:

 Spells                   Type           Power      Damage    Failure   Level
 Passwall                 Tmut/Erth      21%        N/A       12%         2
 Sting                    Tmut/Pois      56%        1d5       21%         1
 Poisonous Vapours        Pois/Air       12%        N/A       52%         2
 Sublimation of Blood     Necr           6%         N/A       52%         2
 Petrify                  Tmut/Erth      26%        N/A       63%         4
 Kindle Blastsparks       Fire/Tloc/Air  12%        2d11      75%         3
 Lee's Rapid Deconstruct  Erth           15%        3d10*     86%         5
 Fulminant Prism          Conj/Hex       6%         3d6       94%         4
 Iskenderun's Mystic Bla  Conj/Tloc      12%        2d5       94%         4
 Olgreb's Toxic Radiance  Pois           6%         N/A       98%         4
 Irradiate                Conj/Tmut      10%        3d15      98%         5


Dungeon Overview and Level Annotations

Branches:
Dungeon (5/15)             Temple (0/1) D:4

Altars:
Ashenzari
Kikubaaqudgha


Innate Abilities, Weirdness & Mutations

You have a pair of small horns on your head.
Your mind is acute. (Int +4, Str/Dex -1)


Message History

There is an open door here.
Key pressed, stopping explore.
No target in view!
You can't see any susceptible monsters within range! (Use Z to cast anyway.)
There is an open door here.
There is an open door here.
There is an open door here.
There is an open door here.
Key pressed, stopping explore.
No target in view!
You can't see any susceptible monsters within range! (Use Z to cast anyway.)
There is an open door here.
An ice beast comes into view.
You can't see any susceptible monsters within range! (Use Z to cast anyway.)
An ice beast is nearby!
An ogre comes into view. It is wielding a +0 giant spiked club.
You can't see any susceptible monsters within range! (Use Z to cast anyway.)
There are monsters nearby!
You miscast Sandblast.
You are very lightly contaminated with residual magic.
Nothing appears to happen.
There are monsters nearby!
Found a scroll of identify.
The blast of sand hits the ice beast!
The ice beast is moderately wounded.
The ogre shouts!
The ice beast barely misses you. The ice beast hits you.
The ice beast freezes you.
You closely miss the ice beast.
The ice beast is moderately wounded.
The ice beast hits you but does no damage.
There are monsters nearby!
The blast of sand hits the ice beast!
The ice beast is almost dead.
The ice beast hits you. The ice beast freezes you.
You hit the ice beast. Your headbutt misses the ice beast.
The ice beast is almost dead.
The ogre hits you with a +0 giant spiked club!!!
Ouch! That really hurt!
You die...

#...... ..# ###.... #.#
#.... # #.# ##.#..
.##.#### ##.###. ......#
#.## ## ?.######....#
#..###.
..........########.#.#..
......Y@................
...####O..########.#....
##.## #...... #.#
#..##.# #.# #..##.# #.#
#..##.# #.# #.....# #.#
##.#### #.#


You could see an ice beast and an ogre.

Vanquished Creatures
  Prince Ribbit (D:5)
  Eustachio (D:5)
  An ogre (D:5)
  A necrophage (D:4)
  A hound (D:5)
  2 jellies
  Ijyb (D:5)
  Terence (D:2)
  6 adders
  A shadow imp (D:5)
  2 ufetubi
  A worm (D:2)
  4 dart slugs
  4 orcs
  6 bats
  14 endoplasms
  3 giant cockroaches (D:1)
  7 hobgoblins
  6 jackals
  6 kobolds
  A quokka (D:3)
  6 ball pythons
  3 frilled lizards (D:1)
  5 goblins
  5 rats
89 creatures vanquished.

Notes
Turn   | Place    | Note
-------+----------+-------------------------------------------
     0 | D:1      | qeuew the Deep Elf Earth Elementalist began the quest for
                  | the Orb.
     0 | D:1      | Reached XP level 1. HP: 10/10 MP: 6/6
    61 | D:1      | Found a faded altar of an unknown god.
    77 | D:1      | Prayed at the altar of an unknown god.
    77 | D:1      | Became a worshipper of Ashenzari the Shackled
   121 | D:1      | Reached XP level 2. HP: 8/15 MP: 5/8
   413 | D:1      | Reached skill level 1 in Armour
   621 | D:1      | Reached XP level 3. HP: 19/19 MP: 7/9
   625 | D:1      | Learned a level 3 spell: Stone Arrow
  1303 | D:2      | Noticed Terence
  1314 | D:2      | Killed Terence
  1315 | D:2      | Reached XP level 4. HP: 14/24 MP: 2/11
  2801 | D:3      | Found an ancient bone altar of Kikubaaqudgha.
  3193 | D:4      | Reached skill level 1 in Conjurations
  3193 | D:4      | Reached XP level 5. HP: 28/28 MP: 10/13
  3463 | D:4      | Found a staircase to the Ecumenical Temple.
  3846 | D:4      | Reached skill level 1 in Short Blades
  4173 | D:4      | Gained mutation: Your mind is acute. (Int +4, Str/Dex -1)
                  | [potion of mutation]
  4173 | D:4      | Gained mutation: You have a pair of small horns on your
                  | head. [potion of mutation]
  4204 | D:5      | Entered Level 5 of the Dungeon
  4295 | D:5      | Noticed an ogre
  4301 | D:5      | Killed an ogre
  4302 | D:5      | Reached XP level 6. HP: 13/32 MP: 14/14
  4490 | D:5      | Noticed Ijyb
  4494 | D:5      | Killed Ijyb
  4609 | D:5      | Noticed Eustachio
  4619 | D:5      | Killed Eustachio
  4620 | D:5      | Reached XP level 7. HP: 24/36 MP: 15/16
  4911 | D:5      | Noticed Prince Ribbit
  4916 | D:5      | Killed Prince Ribbit
  5257 | D:5      | Mangled by an ogre

Illustrated notes

Levels and vault maps discovered:
D:1:      doesnt_arrival_eight_statues, layout_basic,
          ebering_ecumenical_altar_abandoned, palyth_stone_intersect,
          chequers_serial_rivers_micro_a, serial_bayou_pond_a
D:2:      layout_loops_ring, uniq_terence
D:3:      layout_basic, mainiacjoe_overflow_surrounded_room
D:4:      layout_basic, minmay_temple_entry_statues_pillars,
          hangedman_decor_push, corner_web_ring
D:5:      layout_loops_corners, uniq_ijyb, uniq_eustachio, uniq_prince_ribbit1

Skill      XL: |  1  2  3  4  5  6  7 |
---------------+----------------------+-----
Armour         | 1 2 3 |  3.2
Stealth        | 3 4 |  4.4
Dodging        | 3 4 |  4.2
Conjurations   | 1 2 |  2.3
Transmutations | 2 3 |  3.1
Short Blades   | 1 2 |  2.1
Spellcasting   | 4 |  4.8
Earth Magic    | 4 |  4.5

Action                   |  1- 3 |  4- 6 |  7- 9 || total
-------------------------+-------+-------+-------++-------
Melee: Unarmed           |     8 |       |       ||     8
       Short sword       |       |    20 |     3 ||    23
       Punch             |       |     1 |       ||     1
 Cast: Sandblast         |    52 |    71 |    13 ||   136
       Stone Arrow       |       |     4 |       ||     4
Invok: Curse Item        |       |     1 |       ||     1
  Use: Scroll            |     3 |     9 |       ||    12
       Potion            |     3 |     1 |       ||     4
Armor: Robe              |     2 |     5 |       ||     7
       Ring mail         |       |    15 |     3 ||    18
Dodge: Dodged            |    13 |    35 |     2 ||    50

Table legend: (Time is in decaauts)
 A = Elapsed time spent in this place.
 B = Non-inter-level travel time spent in this place.
 C = Inter-level travel time spent in this place.
 D = Time resting spent in this place.
 E = Time spent auto-exploring this place.
 F = Levels seen in this place.
 G = Mean time per level.
                   A        B        C        D        E       F      G
               +--------+--------+--------+--------+--------+-----+--------+
         Total |   5306 |   5110 |    196 |     27 |   4487 |   5 | 1061.2 |
       Dungeon |   5306 |   5110 |    196 |     27 |   4487 |   5 | 1061.2 |
               +--------+--------+--------+--------+--------+-----+--------+

Top non-repeatable levels by time:
     D:1: 1188 daAuts
     D:4: 1089 daAuts
     D:5: 1064 daAuts
     D:3: 991 daAuts
     D:2: 972 daAuts
